 Dungeon Crawl Stone Soup version 0.27.1-1-g398f81649c (webtiles) character file.

Game seed: 3706184870943829677

229 greenlake the Skirmisher (level 5, -5/50 HPs)
             Began as a Minotaur Berserker on Sept 14, 2021.
             Was a Believer of Trog.
             Slain by a scorpion (6 damage)
             ... on level 4 of the Dungeon.
             The game lasted 00:04:52 (3395 turns).

greenlake the Skirmisher (Minotaur Berserker)       Turns: 3395, Time: 00:04:52

Health: -5/50      AC:  6    Str: 23    XL:     5   Next: 71%
Magic:  4/4        EV: 10    Int:  4    God:    Trog [**....]
Gold:   156        SH:  0    Dex:  9    Spells: 4/4 levels left

rFire    . . .     SeeInvis .   a - +0 hand axe
rCold    . . .     Faith    +   (no shield)
rNeg     . . .     Spirit   .   o - +0 scale mail
rPois    .         Reflect  .   (helmet restricted)
rElec    .         Harm     .   (no cloak)
rCorr    .         Rampage  .   (no gloves)
Will     ++...                  (no boots)
Stlth    ..........             c - amulet of faith
HPRegen  1.16/turn              (no ring)
MPRegen  0.09/turn              (no ring)

@: lethally poisoned (-5 -> -5), strong-willed, regenerating
A: horns 2, retaliatory headbutt
a: Renounce Religion, Berserk, Trog's Hand


You were on level 4 of the Dungeon.
You worshipped Trog.
Trog was pleased with you.
You visited 1 branch of the dungeon, and saw 4 of its levels.

You collected 156 gold pieces.

Inventory:

Hand Weapons
 a - a +0 hand axe (weapon)
Missiles
 m - 6 boomerangs (quivered)
Armour
 b - a +0 animal skin
 l - a +0 plate armour
 o - a +0 scale mail (worn)
Jewellery
 c - an amulet of faith (around neck)
 g - an amulet of guardian spirit
 j - a ring of protection from cold
 q - a +6 ring of intelligence
Scrolls
 d - 2 scrolls of enchant armour {unknown}
 f - a scroll of noise {unknown}
 h - a scroll of teleportation {unknown}
 i - 3 scrolls of identify {unknown}
 k - a scroll of silence {unknown}
 n - a scroll of fear {unknown}
 r - a scroll of magic mapping {unknown}
 s - a scroll of torment {unknown}
Potions
 e - a potion of berserk rage {unknown}
 p - a potion of cancellation {unknown}
 t - a potion of invisibility {unknown}


   Skills:
 + Level 6.1 Fighting
 + Level 6.1 Axes
 - Level 2.4 Armour
 - Level 2.1 Dodging


You had 4 spell levels left.
You didn't know any spells.
Your spell library was empty.

Dungeon Overview and Level Annotations

Branches:
Dungeon (4/15)
 Temple: D:4-7

Altars:

Shops:
D:2 (

Annotations:
D:4 Grinder


Innate Abilities, Weirdness & Mutations

You have a pair of horns on your head.
You reflexively headbutt those who attack you in melee.


Message History

Grinder is lightly wounded.
You hit Grinder but do no damage.
Grinder is lightly wounded.
Grinder hits you.
You writhe in agony.
You closely miss Grinder.
Grinder is lightly wounded.
Grinder closely misses you.
You barely miss Grinder.
Grinder is lightly wounded.
You hit the scorpion. Grinder hits you but does no damage.
The scorpion stings you but does no damage.
You barely miss the scorpion.
The scorpion is moderately wounded.
You hit Grinder. Grinder gestures at you.
You suddenly lose the ability to move!
The scorpion stings you. Grinder hits you but does no damage.
The scorpion stings you but does no damage.
The iguana bites you but does no damage.
Grinder blinks!
The scorpion stings you.
You are poisoned.
The scorpion poisons you! The iguana bites you!
You feel very sick. The scorpion stings you.
* * * LOW HITPOINT WARNING * * *
The iguana bites you.
* * * LOW HITPOINT WARNING * * *
The scorpion stings you but does no damage.
You can move again.
Your skin crawls.
You feel strong-willed.
You feel sick. The iguana completely misses you. You furiously retaliate!
You headbutt the iguana! The scorpion stings you!
* * * LOW HITPOINT WARNING * * *
You closely miss the scorpion. Your headbutt misses the scorpion.
The scorpion is moderately wounded.
You hit the iguana.
* * * LOW HITPOINT WARNING * * *
You feel sick. The scorpion stings you.
You die...

... (...# ##..
.....# ...#
#.....# .##
...##.......
.... ...........
..... .........#
......#........#
......s@.......#
...#..l.<.......
#5##......#.# ..
.(......# #..
####.......$ #.
#.#...... .
..#......
.........
.........


You could see Grinder, a scorpion and an iguana.

Vanquished Creatures
  Jessica (D:3)
  An iguana (D:3)
  Terence (D:2)
  4 gnolls
  A river rat (D:3)
  3 adders
  3 worms
  4 endoplasms
  5 giant cockroaches
  7 goblins
  6 hobgoblins
  4 jackals (D:1)
  3 quokkas
  6 ball pythons
  A bat (D:3)
  A frilled lizard (D:2)
  7 kobolds
  10 rats
68 creatures vanquished.

Notes
Turn   | Place    | Note
-------+----------+-------------------------------------------
     0 | D:1      | greenlake the Minotaur Berserker began the quest for the
                  | Orb.
     0 | D:1      | Reached XP level 1. HP: 19/19 MP: 0/0
   197 | D:1      | Reached XP level 2. HP: 15/27 MP: 1/1
   827 | D:1      | Reached XP level 3. HP: 24/34 MP: 2/2
  1503 | D:2      | Noticed Terence
  1513 | D:2      | Killed Terence
  1514 | D:2      | Reached skill level 5 in Fighting
  1514 | D:2      | Reached skill level 5 in Axes
  1514 | D:2      | Reached XP level 4. HP: 16/42 MP: 3/3
  1784 | D:2      | Reached ** piety under Trog
  1867 | D:2      | Found Gijom's Weapon Boutique.
  2578 | D:3      | Reached XP level 5. HP: 36/49 MP: 4/4
  2890 | D:3      | Noticed Jessica
  2896 | D:3      | Killed Jessica
  3210 | D:3      | Reached *** piety under Trog
  3226 | D:3      | Found a glowing drain.
  3384 | D:4      | Noticed Grinder
  3390 | D:4      | Paralysed by Grinder for 4 turns
  3394 | D:4      | HP: 2/50 [scorpion (8)]
  3395 | D:4      | Slain by a scorpion

Illustrated notes

Levels and vault maps discovered:
D:1:      psy_arrival_terrarium, layout_loops_cross
D:2:      layout_basic, serial_shops, shop, uniq_terence
D:3:      layout_rooms, gup_sewer_entry_spiral, patterned_corridor, uniq_jessica
D:4:      layout_cave_pools, uniq_natasha, uniq_blork_the_orc, uniq_grinder

Skill      XL: |  1  2  3  4  5 |
---------------+----------------+-----
Fighting       | 4 5 6 |  6.1
Axes           | 4 5 6 |  6.1
Armour         | |  2.4
Dodging        | |  2.1

Action                   |  1- 3 |  4- 6 || total
-------------------------+-------+-------++-------
Melee: Hand axe          |    69 |   100 ||   169
       Headbutt          |     9 |    18 ||    27
Invok: Berserk           |       |     1 ||     1
       Trog's Hand       |       |     1 ||     1
Armor: Animal skin       |    19 |       ||    19
       Scale mail        |       |    40 ||    40
Dodge: Dodged            |    35 |    44 ||    79
